Map: Void Thrashing

Players

Yuriprime

  • Race: Zerg Zerg
  • Spawn Location: 9:00

ViS

  • Race: Zerg Zerg

VOD

Have the link to the VOD?

Description

Time

  • Played on: March 2, 2018, 11:38 p.m.
  • Length: 8:05
Show
View Real Time Build Order
Export as new Build Order

Yuriprime Zerg 

Build Orders:  

Get SALT Encoding   

  12  0:03  Drone  
  13  0:18  Overlord  
  13  0:26  Drone  
  14  0:44  Drone x3  
  17  0:50  Drone  
  17  0:51  Extractor  
  17  0:57  Drone  
  18  1:07  Extractor  
  17  1:24  Roach Warren  
  17  1:26  Drone  
  17  1:29  Drone  
  18  1:41  Drone  
  19  1:58  Lair  
  19  2:04  Drone  
  20  2:17  Overlord  
  20  2:25  Drone  
  21  2:30  Drone  
  22  2:52  Spire  
  22  2:55  Drone  
  22  3:14  Mutalisk  
  22  3:18  Overlord  
  24  3:34  Mutalisk  
  26  3:40  Roach  
  28  3:50  Mutalisk  
  28  3:54  Roach  
  30  4:06  Mutalisk  
  30  4:09  Mutalisk  
  32  4:14  Roach  
  32  4:18  Leviathan  
  34  4:29  Mutalisk  
  34  4:37  Leviathan  
  34  4:57  Leviathan  
  34  5:34  Roach  
  34  5:46  Roach  
  34  5:51  Roach  
  34  5:56  Brutalisk  
  34  6:08  Brutalisk  
  34  6:13  Brutalisk  
  34  6:59  Spore Crawler  
  33  7:00  Spore Crawler  
  33  7:01  Spore Crawler  
  33  7:03  Spore Crawler  
  33  7:04  Spore Crawler  
  29  7:13  Spore Crawler x3  
  29  7:15  Spore Crawler  
  29  7:16  Spore Crawler  
  29  7:18  Spore Crawler  
Show
View Real Time Build Order
Export as new Build Order

ViS Zerg 

Build Orders:  

Get SALT Encoding   

  18  0:03  Primal Drone  
  19  0:14  Primal Drone  
  20  0:21  Primal Drone  
  21  0:31  Extractor  
  21  0:54  Primal Warden  
  22  1:02  Primal Drone  
  22  1:06  Primal Drone  
  24  1:12  Primal Drone  
  25  1:37  Primal Drone x2  
  27  2:02  Extractor  
  27  2:03  Primal Drone  
  27  2:06  Glevig's Den  
  27  2:30  Primal Drone x3  
  30  2:46  Primal Drone  
  31  3:01  Primal Drone  
  31  3:09  Primal Warden  
  32  3:34  Primal Drone x2  
  32  3:39  Primal Hydralisk  
  36  3:41  Murvar's Den, Primal Hydralisk  
  37  4:18  Primal Drone x2  
  37  4:19  Primal Drone  
  40  4:20  Impaler  
  40  4:21  Primal Hydralisk x2  
  40  4:27  Primal Wurm  
  44  5:02  Primal Drone x2  
  44  5:05  Impaler  
  40  5:10  Primal Drone  
  40  5:16  Primal Hydralisk x2  
  45  5:54  Primal Drone x3  
  45  5:56  Primal Hydralisk x2  
  46  6:00  Impaler  
  46  6:02  Dakrun's Den  
  46  6:03  Impaler x2  
  44  6:22  Primal Hydralisk x2  
  48  6:59  Primal Hydralisk x2  
  52  7:08  Impaler  
  51  7:10  Impaler  
  50  7:24  Impaler x3  
  50  7:39  Primal Wurm x2  
Tags
 
Add a new tag
Caveats
  • Supply blocks, unpowered buildings, or Contaminate may cause inaccurate times.
  • Supply counts are checked every 10 seconds.